 Dungeon Crawl Stone Soup version 0.27-a0-457-gba82baf56e (webtiles) character file.

Game seed: 9399502105144695188

2884 Froggeryz the Cleaver (level 9, 0/81 HPs)
             Began as a Deep Dwarf Fighter on Feb 28, 2021.
             Was an Elder of Makhleb.
             Killed from afar by a fire dragon (43 damage)
             ... with a blast of flame
             ... on level 8 of the Dungeon.
             The game lasted 00:15:41 (4166 turns).

Froggeryz the Cleaver (Deep Dwarf Fighter)          Turns: 4166, Time: 00:15:41

Health: 0/81       AC: 10    Str: 24    XL:     9   Next: 48%
Magic:  7/7        EV:  6    Int:  8    God:    Makhleb [****..]
Gold:   86         SH: 11    Dex: 12    Spells: 8/8 levels left

rFire    . . .     SeeInvis .   a - +0 war axe
rCold    + . .     Faith    .   c - +0 kite shield
rNeg     . . .     Spirit   .   v - +0 chain mail
rPois    .         Reflect  .   (no helmet)
rElec    .         Harm     .   (no cloak)
rCorr    .         Rampage  .   h - +0 pair of gloves
Will     +....                  (no boots)
Stlth    ..........             (no amulet)
HPRegen  0.00/turn              i - ring of protection from cold
MPRegen  0.10/turn              (no ring)

@: lethally poisoned (0 -> 0), non-regenerating
A: damage resistance, heal wounds, sense surroundings 2, no regeneration
a: Heal Wounds, Renounce Religion, Minor Destruction, Lesser Servant of Makhleb,
Major Destruction


You were on level 8 of the Dungeon.
You worshipped Makhleb.
Makhleb was greatly pleased with you.
You visited 1 branch of the dungeon, and saw 8 of its levels.
You also visited: Sewer.

You collected 266 gold pieces.
You spent 180 gold pieces at shops.

Inventory:

Hand Weapons
 a - a +0 war axe (weapon)
Missiles
 e - a throwing net
 f - 5 atropa-tipped darts
 l - 13 boomerangs (quivered)
 n - 12 poisoned darts
 w - a curare-tipped dart
Armour
 c - a +0 kite shield (worn)
 h - a +0 pair of gloves (worn)
 v - a +0 chain mail (worn)
Jewellery
 i - a ring of protection from cold (left hand)
 A - a ring of fire
Wands
 r - a wand of digging (5)
 y - a wand of flame (13)
Scrolls
 g - 9 scrolls of teleportation
 s - a scroll of blinking
 z - 5 scrolls of fear
 C - a scroll of enchant armour {unknown}
 D - 2 scrolls of identify
Potions
 b - a potion of heal wounds {unknown}
 d - 5 potions of might
 j - a potion of ambrosia {unknown}
 k - a potion of berserk rage
 m - 2 potions of curing
 o - a potion of flight
 p - 3 potions of haste
 q - a potion of resistance
 t - 2 potions of magic
 u - 2 potions of brilliance
 x - a potion of cancellation {unknown}
 B - 2 potions of degeneration {unknown}
 E - 2 potions of mutation {unknown}


   Skills:
 - Level 5.5 Fighting
 * Level 11.7 Axes
 - Level 3.2 Armour
 + Level 6.8 Shields


You had 8 spell levels left.
You didn't know any spells.
Your spell library was empty.

Dungeon Overview and Level Annotations

Branches:
Dungeon (8/15)             Temple (0/1) D:7            Lair (0/6) D:8
  Sewer (visited)

Altars:
Ashenzari
Makhleb

Shops:
D:6 *


Innate Abilities, Weirdness & Mutations

You are resistant to damage.
You can heal yourself by infusing magical energy.
You passively map the area around you.
You do not regenerate.


Message History

You kill the ice beast!
Makhleb accepts your kill. You block the wight's attack.
You hit the wight.
You destroy the wight!
Makhleb accepts your kill.
A worker ant comes into view.
Items here: )) [[.
Things that are here:
a +0 trident; a +0 robe
Items here: )) [[.
You hit the worker ant but do no damage.
The worker ant barely misses you.
You hit the worker ant but do no damage.
The worker ant bites you but does no damage.
You hit the worker ant.
The worker ant is lightly wounded.
The worker ant bites you.
You are poisoned.
The worker ant poisons you!
You slash the worker ant!
The worker ant is almost dead.
You block the worker ant's attack. The worker ant bites you.
You slash the worker ant!
You kill the worker ant!
Makhleb accepts your kill.
You feel better.
Your life force feels restored.
You see here a worker ant corpse.
A fire dragon and an orc come into view.
The fire dragon roars deafeningly!
The orc shouts!
You hear a shout! x4
An orc comes into view. It is wielding a +0 short sword.
The orc throws a boomerang.
You block the boomerang.
Found a staircase to the Lair.
An orc warrior comes into view.
It is wielding a +1 scimitar of holy wrath.
The orc warrior shouts!
You hear a shout!
The fire dragon breathes flames at you. The blast of flame hits you!!!
Ouch! That really hurt!
You die...

, ,..... . , * , .#.# ##.
* , , ,.. ,... .. , > , *
#. , #.# .# * * * ####.#
*#.##.##.# * ###....#
#)).....# ,* ,
.....#.#####.#†#########
, *
..........).............,
*,
.........†......@....≈.≈≈
*
........#########...≈D≈≈≈
, , ........# * ...≈≈.. *
, ......[.# , ,*,
.o§≈≈>.≈≈ , ......#.# ,,
.§≈§..≈≈ , ......#.#
§§§.§≈§ ......#.# *,
<*#o§≈≈≈≈ , .###....# ,
o, .. , ** .# #.#### ,
,**


You could see a fire dragon (catching breath), an orc warrior and 2 orcs.

Vanquished Creatures
  A water moccasin (D:6)
  An orc warrior (D:6)
  A sky beast (D:6)
  4 ice beasts
  5 ogres
  A centaur (D:5)
  A phantom (D:7)
  5 bullfrogs
  A water moccasin zombie (D:8)
  4 scorpions
  A howler monkey (D:4)
  4 wights (D:8)
  A bullfrog zombie (D:6)
  4 orc priests
  2 bullfrog skeletons
  A hound (D:7)
  3 iron imps (D:3)
  2 iguanas
  An orc wizard (D:4)
  4 worker ants
  A hound skeleton (D:4)
  A worker ant zombie (D:5)
  16 adders
  4 gnolls (D:6)
  3 river rats (Sewer)
  A white imp (D:7)
  An ufetubus (D:4)
  An ooze (D:4)
  2 adder zombies
  A worm (D:4)
  5 leopard geckos
  21 orcs
  8 ball pythons
  6 giant cockroaches
  3 goblins
  3 hobgoblins
  9 jackals
  3 quokkas
  5 frilled lizards
  6 kobolds
  A leopard gecko skeleton (D:4)
  2 quokka skeletons (D:5)
  27 rats
177 creatures vanquished.

Vanquished Creatures (others)
  7 plants (D:6)
7 creatures vanquished.

Grand Total: 184 creatures vanquished

Notes
Turn   | Place    | Note
-------+----------+-------------------------------------------
     0 | D:1      | Froggeryz the Deep Dwarf Fighter began the quest for the
                  | Orb.
     0 | D:1      | Reached XP level 1. HP: 20/20 MP: 1/1
   285 | D:1      | Reached XP level 2. HP: 25/27 MP: 2/2
   382 | D:1      | Reached skill level 3 in Axes
   540 | D:2      | You fall into a shaft and drop 1 floor!
   902 | D:2      | Reached XP level 3. HP: 22/34 MP: 3/3
  1016 | D:3      | Found a burning altar of Makhleb.
  1031 | D:3      | Reached skill level 4 in Axes
  1031 | D:3      | Reached XP level 4. HP: 22/42 MP: 4/4
  1047 | D:3      | Became a worshipper of Makhleb the Destroyer
  1175 | D:3      | Reached skill level 5 in Axes
  1175 | D:3      | Reached XP level 5. HP: 34/50 MP: 4/4
  1240 | D:4      | Noticed an ice beast
  1249 | D:4      | Killed an ice beast
  1250 | D:4      | Reached XP level 6. HP: 23/57 MP: 5/5
  1278 | D:4      | Reached skill level 6 in Axes
  1518 | D:4      | Reached skill level 7 in Axes
  1518 | D:4      | Reached XP level 7. HP: 24/66 MP: 6/6
  1772 | D:4      | Reached * piety under Makhleb
  1773 | D:4      | Reached skill level 5 in Fighting
  2151 | D:5      | Entered Level 5 of the Dungeon
  2167 | D:5      | Reached skill level 8 in Axes
  2206 | D:5      | Found a glowing drain.
  2222 | Sewer    | Entered a sewer
  2391 | Sewer    | Reached ** piety under Makhleb
  2474 | Sewer    | Reached XP level 8. HP: 54/75 MP: 6/6
  2497 | Sewer    | Reached skill level 9 in Axes
  2818 | D:5      | Reached *** piety under Makhleb
  3065 | D:6      | Reached skill level 10 in Axes
  3065 | D:6      | Reached skill level 5 in Shields
  3203 | D:6      | Found Vorph's Assorted Antiques.
  3229 | D:6      | Gained mutation: You passively map the area around you.
                  | [Deep Dwarf growth]
  3229 | D:6      | Reached XP level 9. HP: 50/81 MP: 7/7
  3234 | D:6      | Bought a scroll labelled LEUTAESIHO for 18 gold pieces
  3234 | D:6      | Bought a worn brass wand for 72 gold pieces
  3234 | D:6      | Bought 2 scrolls labelled TERCHA ABEOT for 36 gold pieces
  3234 | D:6      | Bought a scroll of teleportation for 54 gold pieces
  3338 | D:6      | Found a broken altar of Ashenzari.
  3686 | D:7      | Reached skill level 11 in Axes
  3728 | D:7      | Found a staircase to the Ecumenical Temple.
  3991 | D:7      | Reached **** piety under Makhleb
  4165 | D:8      | Found a staircase to the Lair.
  4165 | D:8      | Noticed a fire dragon
  4166 | D:8      | Killed from afar by a fire dragon

Illustrated notes

Levels and vault maps discovered:
D:1:      evilmike_arrival_home_sweet_home, layout_loops_ring
D:2:      layout_loops_ring
D:3:      wander_river, layout_rooms, demons_altar
D:4:      layout_loops_corners
D:5:      layout_gridville, portal_sewer_entry_b, lemuel_old_faithful
D:6:      layout_loops_cross, serial_shops, nicolae_shop_overgrown_old_shop,
          serial_park_tiny_2, cheibrodos_ashenzari_chains
D:7:      layout_basic, minmay_temple_entry_proselytizer
D:8:      layout_basic, minmay_lair_entry_lava

Skill      XL: |  1  2  3  4  5  6  7  8  9 |
---------------+----------------------------+-----
Axes           | 3 4 5 7 8 10 11 | 11.7
Fighting       | 3 4 5 |  5.5
Shields        | 5 6 |  6.8
Armour         | |  3.2

Action                   |  1- 3 |  4- 6 |  7- 9 || total
-------------------------+-------+-------+-------++-------
Melee: War axe           |    80 |    99 |   408 ||   587
Throw: Boomerang         |       |     3 |     3 ||     6
       Dart              |       |     2 |     4 ||     6
 Abil: Heal Wounds       |       |     3 |     3 ||     6
  Use: Scroll            |       |       |    15 ||    15
Armor: Scale mail        |    39 |    39 |    68 ||   146
       Chain mail        |       |       |   121 ||   121
Dodge: Dodged            |    24 |    20 |   118 ||   162
Block: Kite shield       |    36 |    46 |   242 ||   324

Table legend: (Time is in decaauts)
 A = Elapsed time spent in this place.
 B = Non-inter-level travel time spent in this place.
 C = Inter-level travel time spent in this place.
 D = Time resting spent in this place.
 E = Time spent auto-exploring this place.
 F = Levels seen in this place.
 G = Mean time per level.
                   A        B        C        D        E       F      G
               +--------+--------+--------+--------+--------+-----+--------+
         Total |   4405 |   4101 |    304 |      0 |    665 |   9 |  489.4 |
       Dungeon |   4023 |   3719 |    304 |      0 |    665 |   8 |  502.9 |
         Sewer |    382 |    382 |      0 |      0 |      0 |   1 |  382.0 |
               +--------+--------+--------+--------+--------+-----+--------+

Top non-repeatable levels by time:
     D:4: 1000 daAuts
     D:6: 607 daAuts
     D:7: 536 daAuts
     D:5: 527 daAuts
     D:1: 475 daAuts
     D:2: 441 daAuts
   Sewer: 382 daAuts
     D:3: 338 daAuts
     D:8: 97 daAuts
